 Dungeon Crawl Stone Soup version 0.30.1-9-gdf580d7c3d (webtiles) character file.

Game seed: 8049783778427215328

53 lonewolfV2 the Scratcher (level 3, -3/15 HPs)
             Began as a Felid Transmuter on Oct 12, 2023.
             Slain by a worm (10 damage)
             ... on level 3 of the Dungeon.
             The game lasted 00:03:25 (2046 turns).

lonewolfV2 the Scratcher (Felid Transmuter)         Turns: 2046, Time: 00:03:25

Health: -3/15      AC:  1    Str:  6    XL:     3   Next: 64%
Magic:  4/7        EV: 17    Int: 16    God:
Gold:   27         SH:  5    Dex: 16    Spells: 3/6 levels left
                                        Lives:  0   Deaths: 0

rFire   . .          .
                       - Unarmed
rCold   . . .        (shield unavailable)
rNeg    . . .        (body armour unavailable)
rPois   .            (helmet unavailable)
rElec   .            (cloak unavailable)
rCorr   .            (gloves unavailable)
SInv    +            (boots unavailable)
Will    .....        e - amulet of reflection
Stlth   ++           (no ring)
HPRegen 0.22/turn    (no ring)
MPRegen 0.10/turn

%: reflection
@: appendages, wereblooded, quick
A: horns 2, very small, claws 1, fangs 3, see invisible, speed 1, shaggy fur 1,
stealthy paws, no weapons or thrown items, no armour, multi-lived
a: End Transformation


You were on level 3 of the Dungeon.
You had temporarily grown beastly horns.
You visited 1 branch of the dungeon, and saw 3 of its levels.

You collected 27 gold pieces.

Inventory:

Jewellery
 e - an amulet of reflection (around neck)
Scrolls
 f - a scroll of poison
 h - a scroll of enchant armour
Potions
 a - a potion of lignification
 c - 4 potions of curing {unknown}
 j - a potion of brilliance {unknown}
 m - a potion of attraction {unknown}


   Skills:
 + Level 1.0 Fighting
 + Level 3.1 Dodging
 + Level 0.2 Stealth
 + Level 3.9 Unarmed Combat
 + Level 2.4 Spellcasting
 + Level 2.6 Transmutations


You had 3 spell levels left.
You knew the following spells:

 Your Spells              Type           Power      Damage    Failure   Level
a - Beastly Appendage     Tmut           20%        N/A       7%          1
b - Wereblood             Tmut           10%        N/A       10%         2

Your spell library contained the following spells:

 Spells                   Type           Power      Damage    Failure   Level
 Spider Form              Tmut/Pois      6%         N/A       34%         3
 Ice Form                 Ice/Tmut       6%         N/A       75%         4


Dungeon Overview and Level Annotations

Branches:
Dungeon (3/15)

Altars:

Shops:
D:3 *[[


Innate Abilities, Weirdness & Mutations

You have temporarily grown beastly horns.
You have sharp claws.
You have razor-sharp teeth.
You have supernaturally acute eyesight. (SInv)
You cover ground quickly. (Speed+)
You are covered in fur. (AC +1)
Your paws help you pounce on unaware monsters.
You are incapable of wielding weapons or throwing items.
You cannot wear armour.
You gain extra lives every three experience levels.


Message History

You bite the worm.
The worm is heavily wounded.
You scratch the worm.
The worm is severely wounded.
The worm bites you.
* * * LOW HITPOINT WARNING * * *
You scratch the worm.
You kill the worm!
Your magical contamination has completely faded away.
Your horns disappear.
HP restored.
There is an entrance to Quwong's Antique Armour Emporium here.
You see here a +0 mace.
A worm comes into view.
Found 2 blue potions and 5 stones.
A worm is nearby!
A worm is nearby!
A worm is nearby!
Casting: Beastly Appendage (safe; 7% risk of failure)
Confirm with . or Enter, or press ? or * to list all spells.
You grow a pair of large bovine horns.
Found 10 gold pieces.
Casting: Beastly Appendage (safe; 7% risk of failure)
Confirm with . or Enter, or press ? or * to list all spells.
Your blood is infused with primal strength.
The worm bites you!
Ouch! That really hurt!
You scratch the worm.
The worm is moderately wounded.
You scratch the worm.
The worm is moderately wounded.
The worm bites you.
You scratch the worm.
You headbutt the worm, but do no damage.
The worm is heavily wounded.
You barely miss the worm. Your headbutt misses the worm. You bite the worm.
The worm is almost dead.
The worm bites you!
Ouch! That really hurt!
You die...

**,,,,,,,** *,,,,,,*,,*******
****,**,,##*,*,...#,*,,,,,,, *
*,**,,,.,,*,...#,*,,,,*** ***
#.*.,,,.##*.....,*,,*** * ,,*
#.#.***..##.....,,>** * *,* #...*
*#.#..(...,,,* * ..* #####..#*
#.......#,***
..###......#####w.#.....,*
....#.#*#.....!.@......#**
......###.......#..##..#
,#......#.....∩....#*,,*
,#....#.............!..*****
.##...##).........#....,,,,******
.......∩........#....#.#,,,,,**,,
###.#...#.....^.......$.,,,,*,,,*
#...#...#..(....###..##,,,,,,****
#.#####.##.#...## *#..,,,,,,,,,,>


You could see a worm.

Vanquished Creatures
  A dart slug (D:1)
  A worm (D:3)
  3 ball pythons
  A bat (D:1)
  4 endoplasms
  3 giant cockroaches
  4 goblins
  5 hobgoblins
  4 jackals (D:2)
  5 kobolds
  2 quokkas (D:1)
  2 frilled lizards
  5 rats
40 creatures vanquished.

Notes
Turn   | Place    | Note
-------+----------+-------------------------------------------
     0 | D:1      | lonewolfV2 the Felid Transmuter began the quest for the
                  | Orb.
     0 | D:1      | Reached XP level 1. HP: 9/9 MP: 4/4
   149 | D:1      | Reached XP level 2. HP: 4/12 MP: 4/6
   441 | D:1      | Learned a level 2 spell: Wereblood
   739 | D:1      | Reached XP level 3. HP: 14/15 MP: 5/7
  1912 | D:3      | Found Jikhipt's Assorted Antiques.
  1964 | D:3      | Found Quwong's Antique Armour Emporium.
  1969 | D:3      | Found Pepug's Armour Emporium.
  2046 | D:3      | Slain by a worm

Illustrated notes

Levels and vault maps discovered:
D:1:      dpeg_arrival_three_same_balls, layout_loops_cross, solitary_fountain,
          minmay_domino_4
D:2:      layout_basic
D:3:      layout_rooms, serial_shops, nicolae_shop_dealshenge, shop, shop, shop,
          shop, shapermc_ecumenical_altar_totnotflames, uniq_crazy_yiuf_cottage

Skill      XL: |  1  2 |
---------------+-------+-----
Dodging        | 3 |  3.1
Fighting       | |  1.0
Stealth        | |  0.2
Unarmed Combat | |  3.9
Spellcasting   | |  2.4
Transmutations | |  2.6

Action                     || total
---------------------------++-------
  Melee: Unarmed           ||   120
         Headbutt          ||    16
         Bite              ||    12
         Punch             ||     7
   Cast: Beastly Appendage ||    25
         Wereblood         ||     9
    Use: Scroll            ||     9
   Stab: Sleeping          ||     1
 Armour: Skin              ||     2
  Dodge: Dodged            ||    84
  Block: Other             ||    10
